 Dungeon Crawl Stone Soup version 0.21.1-1-g345015fe64 (webtiles) character file.

1611 animesage94 the Cutter (level 8, -19/79 HPs)
             Began as a Troll Fighter on June 12, 2018.
             Demolished by assman420's ghost (21 damage)
             ... on level 7 of the Dungeon.
             The game lasted 00:17:31 (2208 turns).

animesage94 the Cutter (Troll Fighter)              Turns: 2208, Time: 00:17:31

Health: -19/79     AC:  6    Str: 27    XL:     8   Next: 63%
Magic:  7/7        EV: 16    Int:  4    God:
Gold:   140        SH: 10    Dex: 14    Spells: 7/7 levels left

rFire    . . .     SeeInvis .   w - +1 whip (flame)
rCold    . . .     Gourm    +   c - +0 shield
rNeg     . . .     Faith    .   b - +0 robe
rPois    .         Spirit   .   (helmet restricted)
rElec    .         Reflect  .   m - +0 cloak
rCorr    .         Harm     .   (gloves unavailable)
MR       .....                  (boots unavailable)
Stlth    +++.......             (no amulet)
HPRegen  0.63/turn              j - +4 ring of slaying
MPRegen  0.10/turn              (no ring)

@: agile
A: large, unfitting armour, claws 3, fast metabolism 3, gourmand, regeneration
1, shaggy fur 1, tough skin 2
a: no special abilities


You were on level 7 of the Dungeon.
You were not hungry.

You visited 1 branch of the dungeon, and saw 5 of its levels.

You collected 140 gold pieces.

Inventory:

Hand Weapons
 a - a +0 rapier
 r - a cursed -3 whip
 w - a +1 whip of flaming (weapon)
Missiles
 e - 136 stones (quivered)
Armour
 b - a +0 robe (worn)
 c - a +0 shield (worn)
 m - a +0 cloak (worn)
Jewellery
 j - a +4 ring of slaying (left claw)
 k - a +6 amulet of reflection {unknown}
Wands
 v - a wand of flame (25)
Scrolls
 l - a scroll of magic mapping {unknown}
 n - 2 scrolls of identify {unknown}
 o - 2 scrolls of remove curse {unknown}
 q - 2 scrolls of enchant armour {unknown}
 s - a scroll of amnesia {unknown}
 t - a scroll of random uselessness {unknown}
 u - a scroll of teleportation {unknown}
Potions
 d - a potion of flight {unknown}
 g - a potion of ambrosia {unknown}
 i - 2 potions of magic {unknown}
 p - a potion of agility
Comestibles
 f - 11 rations


   Skills:
 + Level 4.3 Fighting
 + Level 5.7 Short Blades
 + Level 1.2 Maces & Flails
 + Level 4.7 Dodging
 + Level 0.5 Stealth
 + Level 5.0 Shields


You had 7 spell levels left.
You didn't know any spells.

Dungeon Overview and Level Annotations

Branches:
Dungeon (7/15)
 Temple: D:4-7

Altars:
Ashenzari
Elyvilon
Ru
Sif Muna
Zin
The Shining One

Annotations:
D:7 assman420's ghost, novice TrBe


Innate Abilities, Weirdness & Mutations

You are too large for most types of armour.
You have claws for hands.
Your metabolism is lightning-fast.
You like to eat raw meat.
Your natural rate of healing is unusually fast.
You are covered in fur. (AC +1)
You have very tough skin. (AC +2)


Message History

You feel agile all of a sudden. You block assman420's ghost's attack.
You closely miss assman420's ghost.
Assman420's ghost is moderately damaged.
Assman420's ghost completely misses you.
You hit assman420's ghost. You burn assman420's ghost.
Assman420's ghost is heavily damaged.
You block assman420's ghost's attack.
You whack assman420's ghost! You burn assman420's ghost.
Assman420's ghost is heavily damaged.
Assman420's ghost hits you!
* * * LOW HITPOINT WARNING * * *
You hit assman420's ghost. You burn assman420's ghost.
Assman420's ghost is heavily damaged.
You block assman420's ghost's attack.
You hit assman420's ghost. You burn assman420's ghost.
Assman420's ghost is heavily damaged.
Assman420's ghost hits you but does no damage.
Assman420's ghost hits you!!
You die...

##+## ##...## #
##.....## ...
##.......##
.....###.........#
......W@.........+
#....###....)....#
... ##.......## .
##.....## ##<..##
##+##


You could see assman420's ghost.

Vanquished Creatures
  Pikel (D:6)
  The ghost of tim133133 the Changer, a novice OpTm (D:6)
  2 slaves (D:6)
  A phantom (D:6)
  3 ogres (D:6)
  2 centaurs
  A bullfrog (D:6)
  A bullfrog skeleton (D:6)
  A hound (D:6)
  2 orc wizards (D:6)
  A worker ant (D:6)
  5 adders (D:2)
  An ooze (D:2)
  4 dart slugs
  4 leopard geckos
  7 orcs (D:6)
  3 giant cockroaches
  5 goblins
  4 hobgoblins
  4 jackals (D:1)
  3 quokkas (D:2)
  5 bats
  7 frilled lizards
  A jackal zombie (D:6)
  4 kobolds
  A leopard gecko skeleton (D:6)
  3 rats
77 creatures vanquished.

Vanquished Creatures (others)
  A bullfrog skeleton (D:6)
1 creature vanquished.

Grand Total: 78 creatures vanquished

Notes
Turn   | Place    | Note
-------+----------+-------------------------------------------
     0 | D:1      | animesage94 the Troll Fighter began the quest for the Orb.
     0 | D:1      | Reached XP level 1. HP: 22/22 MP: 0/0
   170 | D:1      | Reached XP level 2. HP: 29/29 MP: 1/1
   485 | D:1      | Reached XP level 3. HP: 32/36 MP: 2/2
   914 | D:2      | Reached XP level 4. HP: 43/44 MP: 3/3
  1170 | D:2      | Found a white marble altar of Elyvilon.
  1394 | D:3      | You fall through a shaft for 3 floors!
  1421 | D:6      | Reached XP level 5. HP: 49/52 MP: 4/4
  1441 | D:6      | Noticed a centaur
  1463 | D:6      | Noticed an ogre
  1480 | D:6      | Killed an ogre
  1496 | D:6      | Noticed an ogre
  1499 | D:6      | Killed an ogre
  1499 | D:6      | Reached XP level 6. HP: 28/61 MP: 5/5
  1633 | D:6      | Noticed tim133133's ghost (novice OpTm)
  1666 | D:6      | Killed tim133133's ghost
  1666 | D:6      | Reached XP level 7. HP: 39/67 MP: 6/6
  1733 | D:6      | Found a sacrificial altar of Ru.
  1734 | D:6      | Found a glowing silver altar of Zin.
  1734 | D:6      | Found a shattered altar of Ashenzari.
  1735 | D:6      | Found a glowing golden altar of the Shining One.
  1774 | D:6      | Noticed Pikel
  1832 | D:6      | Killed Pikel
  1832 | D:6      | Reached skill level 5 in Short Blades
  1832 | D:6      | Reached XP level 8. HP: 34/78 MP: 7/7
  1987 | D:6      | Found a deep blue altar of Sif Muna.
  2051 | D:6      | Reached skill level 5 in Shields
  2167 | D:7      | Reached skill level 1 in Maces & Flails
  2186 | D:7      | Noticed assman420's ghost (novice TrBe)
  2206 | D:7      | HP: 1/79 [assman420's ghost (7)]
  2208 | D:7      | Demolished by assman420's ghost

Skill      XL: |  1  2  3  4  5  6  7  8 |
---------------+-------------------------+-----
Dodging        | 3 4 |  4.7
Short Blades   | 2 3 4 5 |  5.7
Shields        | 3 4 5 |  5.0
Fighting       | 3 4 |  4.3
Maces & Flails | 1 |  1.2
Stealth        | |  0.5

Action                   |  1- 3 |  4- 6 |  7- 9 || total
-------------------------+-------+-------+-------++-------
Melee: Rapier            |    87 |   112 |    55 ||   254
       Whip              |       |       |    42 ||    42
  Use: Potion            |       |     1 |     2 ||     3
 Stab: Sleeping          |       |       |     1 ||     1
  Eat: Chunk             |    10 |     7 |     5 ||    22
Armor: Robe              |    41 |    60 |    20 ||   121
Dodge: Dodged            |    29 |    40 |    30 ||    99
Block: Shield            |    31 |    59 |    50 ||   140
